 Dungeon Crawl Stone Soup version bcrawl-1.39.1 (webtiles) character file.

Game seed: 11910873087259183801

446364 Returnofthet the Grappler (level 12, -3/104 HPs)
             Began as a White Draconian Transmuter on Oct 4, 2023.
             Was a High Priest of Wu Jian.
             Slain by a green ugly thing (9 damage)
             ... on level 11 of the Dungeon.
             The game lasted 00:23:53 (12048 turns).

Returnofthet the Grappler (DrTm)                   Turns: 12048, Time: 00:23:54

Health: -3/104     AC: 14    Str: 17    XL:     12   Next: 51%
Magic:  0/25       EV: 14    Int: 15    God:    Wu Jian [*****.]
Gold:   734        SH:  2    Dex: 11    Spells: 14/30 levels left

rFire    . . .     GDR:     23%   - Fists (21.5)
rCold    + . .     SeeInvis .   (no shield)
rNeg     + . .     Gourm    .   (armour unavailable)
rPois    .         Faith    .   G - +2 hat
rElec    .         Spirit   +   q - scarf {Spirit}
rCorr    .         Reflect  +   F - +2 pair of gloves
MR       .....     Rnd*Rage +   D - +0 pair of boots
Stlth    ++........             w - +2 amulet of reflection
HPRegen  0.27/turn              u - ring "Dash" {Wiz rN+ MR- Slay+3}
MPRegen  0.19/turn              z - ring of wizardry

@: lethally poisoned (-3 -> -4), berserk cooldown
A: breathe frost, unfitting armour, berserk 1, cold resistance 1, mutation
resistance 1, cold-blooded, AC +8
a: Breathe Frost, Wall Jump, Serpent's Lash, Heavenly Storm, Renounce Religion


You were on level 11 of the Dungeon.
You worshipped Wu Jian.
Wu Jian was extremely pleased with you.
You were hungry.

You visited 2 branches of the dungeon, and saw 12 of its levels.
You also visited: Sewer.

You collected 734 gold pieces.

Inventory:

Missiles
 a - 1172 arrows
 f - 1720 stones
 h - 40 poisoned tomahawks (quivered)
 p - 278 poisoned needles
Armour
 q - a scarf of spirit shield (worn)
 D - a +0 pair of boots (worn)
 F - a +2 pair of gloves (worn)
 G - a +2 hat (worn)
Jewellery
 o - an uncursed ring of protection from cold
 u - the ring "Dash" (left hand) {Wiz rN+ MR- Slay+3}
   (You found it in a sewer)

   [ring of wizardry]

   It improves your spell success rate.
   It affects your accuracy and damage with ranged weapons and melee attacks
   (+3).
   It protects you from negative energy.
   It affects your resistance to hostile enchantments.
 w - a +2 amulet of reflection (around neck)
 y - an uncursed ring of see invisible
 z - a ring of wizardry (right hand)
 A - an uncursed amulet of regeneration {unknown}
 B - an uncursed ring of resist corrosion
Wands
 E - a wand of random effects (13)
 K - a wand of acid (6)
 L - a wand of disintegration (11)
Scrolls
 d - 4 scrolls of blinking
 i - 4 scrolls of identify
 l - 5 scrolls of remove curse
 m - a scroll of fear {unknown}
 n - 2 scrolls of enchant weapon {unknown}
 s - 4 scrolls of teleportation {unknown}
 x - 2 scrolls of amnesia {unknown}
 C - 4 scrolls of immolation
 J - a scroll of silence {unknown}
 N - a scroll of fog {unknown}
Potions
 b - 2 potions of invisibility
 c - a potion of lignification
 g - 2 potions of might
 j - a potion of heal wounds
 k - 3 potions of curing
 r - a potion of magic {unknown}
 t - 3 potions of agility
 v - 3 potions of brilliance {unknown}
 H - a potion of degeneration {unknown}
 I - a potion of ambrosia {unknown}
 M - a potion of berserk rage {unknown}
Comestibles
 e - 22 rations {!d}


   Skills:
 * Level 9.2 Fighting
 + Level 2.2 Throwing
 + Level 5.7 Dodging
 + Level 4.0 Stealth
 + Level 12.6 Unarmed Combat
 * Level 9.7 Spellcasting
 + Level 1.4 Translocations
 + Level 7.0 Transmutations
 + Level 2.9 Ice Magic


You had 14 spell levels left.
You knew the following spells:

 Your Spells              Type           Power        Failure   Level  Hunger
a - Beastly Appendage     Tmut           ####..       1%          1    None
b - Sticks to Snakes      Tmut           ####....     1%          2    None
c - Passwall              Tmut/Erth      ###.....     1%          2    None
d - Ice Form              Ice/Tmut       ###.....     3%          4    #......
e - Blade Hands           Tmut           ####......   4%          5    ####...
f - Blink                 Tloc           N/A          2%          2    None

Your spell library contained the following spells:

 Spells                   Type           Power        Failure   Level  Hunger
 Spider Form              Tmut/Pois      ###          1%          3    None
 Magic Dart               Conj           #...         2%          1    None
 Static Discharge         Air            #.....       2%          1    None
 Call Imp                 Summ           #.....       4%          2    None
 Shock                    Conj/Air       #......      4%          2    None
 Swiftness                Chrm/Air       #.......     4%          2    None
 Conjure Flame            Conj/Fire      #.......     9%          3    None
 Mephitic Cloud           Conj/Pois/Air  #.......     9%          3    None
 Lightning Bolt           Conj/Air       #.......     26%         4    #......


Dungeon Overview and Level Annotations

Branches:
Dungeon (11/12)            Temple (1/1) D:7            Lair (0/6) D:8
    Orc (0/1) D:9
 Vaults: D:11-12

Altars:
Ashenzari
Cheibriados
Dithmenos
Elyvilon
Fedhas
Gozag
Hepliaklqana
Kikubaaqudgha
Lugonu
Makhleb
Nemelex Xobeh
Okawaru
Qazlal
Ru
Sif Muna
Trog
Uskayaw
Vehumet
Wu Jian
Xom
Yredelemnul
Zin
The Shining One

Shops:
D:4 *   D:5 !   D:7 %   D:10 :   D:11 =((

Annotations:
D:3 3 runed translucent doors, Returnofthet's ghost, amateur VSAc; kosoiffoigrumme1174's ghost, amateur VSCK
D:7 3 runed translucent doors, fifreuwaquouxo3460's ghost, novice TrMo


Innate Abilities, Weirdness & Mutations

You can breathe waves of freezing cold.
You can buffet flying creatures when you breathe cold.
Your icy white scales are hard. (AC +8)
You cannot fit into any form of body armour.
Your flesh is cold resistant. (rC+)
You are cold-blooded and may be slowed by cold attacks.
You tend to lose your temper in combat.
You are somewhat resistant to further mutation.


Message History

The Council accepts your kill.
A green ugly thing comes into view.
Your Stealth skill increases to level 4!
Your Transmutations skill increases to level 7!
A green ugly thing is nearby!
The green ugly thing gurgles horribly!
You feel sick.
Your hands revert to their normal proportions.
Your +2 pair of gloves unmelds from your body.
You spin and attack the green ugly thing repeatedly.
You hit the green ugly thing.
The green ugly thing is lightly wounded.
You hit the green ugly thing.
The green ugly thing is lightly wounded.
The green ugly thing gores you but does no damage.
You spin and attack the green ugly thing.
You hit the green ugly thing. You tail-slap the green ugly thing.
The green ugly thing is lightly wounded.
The green ugly thing gores you!
You die...

#########..# ..... .
).........####.... ..
................ . ...
#.....[.....# #..# # ...
#..)........# #..# # ...
#...........# #.|# #
...########...........#
#..# #
..........)....u......#
#..# #
.........#####..@...<.#
#..# # ...#####.#
#......))####..##### ...
#.#####.).....)....)..)...
...#
#.#.).#...)).).....###....
...#
#.#[..#.####.......'∩'..).
...# #.##'##.#
#...########### #..#
#.......# #...# # #..#
###.....# #...# # #..#
#....## #...# #


You could see a green ugly thing.

Vanquished Creatures
  A fire dragon (D:11)
  2 two-headed ogres
  A fire crab (D:11)
  A centaur warrior (D:11)
  A wolf spider (D:11)
  A deep elf mage (D:10)
  A wolf spider (shapeshifter) (D:11)
  2 manticores
  2 ugly things (D:11)
  A guardian serpent (D:11)
  A gargoyle (D:11)
  Joseph (D:10)
  An eye of draining (D:11)
  3 kobold demonologists (D:11)
  3 trolls
  A troll (shapeshifter) (D:11)
  A harpy skeleton (D:11)
  A slime creature (D:7)
  3 hippogriffs
  2 wraiths
  A basilisk (D:10)
  A vampire (D:11)
  Eustachio (D:6)
  2 wyverns
  20 yaks
  A steam dragon (D:8)
  3 hungry ghosts
  A harpy simulacrum (D:11)
  3 crocodiles
  3 acid dragons
  A soldier ant (D:10)
  A black bear (D:6)
  6 orc warriors
  2 ice beasts
  3 phantoms
  6 sky beasts
  2 necrophages
  2 ogres
  8 bullfrogs
  5 kobold brigands
  2 gnoll sergeants
  A wyvern skeleton (D:7)
  A water moccasin zombie (D:6)
  3 centaurs
  A scorpion (D:10)
  A water moccasin skeleton (D:10)
  A troll zombie (D:9)
  6 killer bees (D:8)
  12 wights
  7 orc priests
  4 howler monkeys
  2 crimson imps
  4 quasits
  6 hounds
  2 jellies
  2 bullfrog zombies
  A gnoll shaman (D:4)
  12 orc wizards
  A bullfrog skeleton (D:6)
  6 iguanas
  6 worker ants
  7 ogre zombies (D:9)
  A hound skeleton (D:6)
  A howler monkey zombie (D:5)
  13 gnolls
  11 adders
  5 shadow imps
  2 oozes (D:3)
  An adder zombie (D:8)
  An adder skeleton (D:9)
  2 worms (D:2)
  A dart slug (D:2)
  9 leopard geckos
  32 orcs
  2 ball pythons (Sewer)
  14 giant cockroaches
  4 goblins
  6 hobgoblins
  16 jackals
  27 kobolds
  4 quokkas
  2 bats
  6 frilled lizards
  3 goblin zombies (D:9)
  4 hobgoblin zombies (D:9)
  A jackal skeleton (D:5)
  2 orc skeletons (D:9)
  16 orc zombies
  A quokka skeleton (D:5)
  4 rats
381 creatures vanquished.

Vanquished Creatures (collateral kills)
  A quokka (D:5)
1 creature vanquished.

Grand Total: 382 creatures vanquished

Notes
Turn   | Place    | Note
-------+----------+-------------------------------------------
     0 | D:1      | Returnofthet the Draconian Transmuter began the quest for
                  | the Orb.
     0 | D:1      | Reached XP level 1. HP: 16/16 MP: 3/3
   483 | D:1      | Reached XP level 2. HP: 21/23 MP: 5/5
  1189 | D:2      | Learned a level 2 spell: Sticks to Snakes
  1198 | D:2      | Reached XP level 3. HP: 14/28 MP: 4/6
  2116 | D:3      | Reached skill level 4 in Unarmed Combat
  2157 | D:3      | Found a faded altar of an unknown god.
  2292 | D:3      | Reached skill level 1 in Stealth
  2381 | D:3      | Found a glowing drain.
  2411 | D:3      | Reached XP level 4. HP: 33/35 MP: 5/7
  2422 | Sewer    | Entered a sewer
  2775 | Sewer    | Noticed a bullfrog
  2791 | Sewer    | Killed a bullfrog
  2792 | Sewer    | Reached XP level 5. HP: 3/40 MP: 8/8
  2914 | Sewer    | Got a clouded gossamer ring
  2924 | Sewer    | Identified the ring "Dash" {Wiz rN+ MR- Slay+3} (You found
                  | it in a sewer)
  2984 | D:3      | Learned a level 2 spell: Passwall
  3195 | D:3      | Found a runed translucent gate.
  3196 | D:3      | Found a runed translucent gate.
  3197 | D:3      | Found a runed translucent gate.
  3198 | D:3      | Noticed Returnofthet's ghost (amateur VSAc)
  3199 | D:3      | Noticed kosoiffoigrumme1174's ghost (amateur VSCK)
  3605 | D:4      | Reached XP level 6. HP: 43/48 MP: 8/10
  3674 | D:4      | Reached skill level 1 in Throwing
  3737 | D:4      | Found Vogaxtoc's Assorted Antiques.
  3796 | D:4      | Reached skill level 5 in Unarmed Combat
  3820 | D:4      | Noticed a sky beast
  3844 | D:3      | Killed a sky beast
  4013 | D:4      | Your scales start taking on an icy white colour.
  4013 | D:4      | Reached XP level 7. HP: 40/55 MP: 11/11
  4013 | D:4      | Gained mutation: Your flesh is cold resistant. (rC+) [White
                  | Draconian growth]
  4083 | D:4      | Learned a level 4 spell: Ice Form
  4298 | D:5      | Entered Level 5 of the Dungeon
  4409 | D:5      | Reached skill level 6 in Unarmed Combat
  4434 | D:5      | Found Zehi's Distillery.
  4606 | D:5      | Reached skill level 1 in Ice Magic
  5083 | D:5      | Reached XP level 8. HP: 63/63 MP: 8/13
  5519 | D:5      | Learned a level 5 spell: Blade Hands
  5707 | D:6      | Reached skill level 7 in Unarmed Combat
  6197 | D:6      | Noticed Eustachio
  6212 | D:6      | Killed Eustachio
  6330 | D:6      | Gained mutation: You are somewhat resistant to further
                  | mutation. [mutagenic glow]
  6371 | D:6      | Gained mutation: You tend to lose your temper in combat.
                  | [mutagenic glow]
  6773 | D:7      | Noticed a slime creature
  6774 | D:7      | Noticed a two-headed ogre
  6783 | D:6      | Reached XP level 9. HP: 54/72 MP: 10/16
  6891 | D:7      | Reached skill level 5 in Fighting
  6891 | D:7      | Reached skill level 8 in Unarmed Combat
  6891 | D:7      | Reached skill level 5 in Spellcasting
  6931 | D:7      | Noticed a manticore
  6941 | D:7      | Killed a manticore
  6947 | D:7      | Killed a two-headed ogre
  6948 | D:7      | Reached skill level 9 in Unarmed Combat
  7051 | D:7      | Found a staircase to the Ecumenical Temple.
  7065 | Temple   | Entered the Ecumenical Temple
  7385 | Temple   | Became a worshipper of the Wu Jian Council
  7422 | D:7      | Reached XP level 10. HP: 71/83 MP: 12/19
  7570 | D:7      | Found a runed translucent gate.
  7570 | D:7      | Found a runed translucent gate.
  7570 | D:7      | Found a runed translucent gate.
  7571 | D:7      | Noticed fifreuwaquouxo3460's ghost (novice TrMo)
  7721 | D:7      | Found Degirch's Food Emporium.
  7999 | D:8      | Reached * piety under Wu Jian
  8112 | D:8      | Found an opulent altar of Gozag.
  8346 | D:8      | Found a glowing golden altar of the Shining One.
  8406 | D:8      | Learned a level 2 spell: Blink
  8639 | D:8      | Reached skill level 5 in Transmutations
  8646 | D:8      | Reached skill level 1 in Translocations
  8841 | D:8      | Reached skill level 10 in Unarmed Combat
  8853 | D:8      | Found a staircase to the Lair.
  9383 | D:9      | Found a staircase to the Orcish Mines.
  9406 | D:9      | Reached ** piety under Wu Jian
  9529 | D:9      | Reached skill level 5 in Dodging
  9600 | D:9      | Reached XP level 11. HP: 77/92 MP: 22/22
  9821 | D:10     | Entered Level 10 of the Dungeon
  9856 | D:10     | Noticed Joseph
  9874 | D:10     | Killed Joseph
  9911 | D:10     | Reached *** piety under Wu Jian
 10051 | D:10     | Noticed a two-headed ogre
 10053 | D:10     | Killed a two-headed ogre
 10056 | D:10     | Noticed a deep elf mage
 10062 | D:10     | Killed a deep elf mage
 10131 | D:10     | Reached skill level 11 in Unarmed Combat
 10545 | D:10     | Found Gipse's Book Boutique.
 10929 | D:10     | Reached **** piety under Wu Jian
 11004 | D:11     | Noticed a centaur warrior
 11009 | D:11     | Killed a centaur warrior
 11038 | D:11     | Found Ycinurei's Jewellery Emporium.
 11040 | D:11     | Noticed a wolf spider
 11053 | D:11     | Killed a wolf spider
 11125 | D:11     | Reached XP level 12. HP: 103/103 MP: 16/25
 11125 | D:11     | Found Litu's Antique Weapon Emporium.
 11349 | D:11     | Reached skill level 12 in Unarmed Combat
 11513 | D:11     | Found Rolit's Antique Weapon Emporium.
 11600 | D:11     | Reached ***** piety under Wu Jian
 12028 | D:11     | Noticed a fire dragon
 12039 | D:11     | HP: 5/104 [poisoned by a kobold]
 12043 | D:11     | Killed a fire dragon
 12045 | D:11     | HP: 5/104 [poisoned by a kobold]
 12048 | D:11     | Slain by a green ugly thing

Skill      XL: |  1  2  3  4  5  6  7  8  9 10 11 12 |
---------------+-------------------------------------+-----
Dodging        | 2 3 4 5 |  5.7
Unarmed Combat | 4 5 6 7 9 10 11 12 | 12.6
Stealth        | 1 2 3 4 |  4.0
Throwing       | 1 2 |  2.2
Fighting       | 2 3 4 6 7 8 9 |  9.2
Spellcasting   | 3 4 6 7 9 |  9.7
Transmutations | 3 4 5 6 7 |  7.0
Ice Magic      | 1 2 |  2.9
Translocations | 1 |  1.4

Action                   |  1- 3 |  4- 6 |  7- 9 | 10-12 || total
-------------------------+-------+-------+-------+-------++-------
Melee: Unarmed           |   144 |   171 |   267 |   538 ||  1120
       Tailslap          |     5 |    17 |    24 |    62 ||   108
       Punch             |     3 |     2 |     4 |    21 ||    30
       Kick              |     7 |    14 |     7 |       ||    28
       Headbutt          |     1 |     5 |       |       ||     6
Throw: Stone             |       |    54 |       |       ||    54
       Tomahawk          |       |       |     5 |       ||     5
 Cast: Beastly Appendage |    10 |    16 |     2 |       ||    28
       Ice Form          |       |       |    10 |       ||    10
       Sticks to Snakes  |       |       |     2 |       ||     2
       Blade Hands       |       |       |     9 |    48 ||    57
       Blink             |       |       |       |     1 ||     1
 Abil: Lunge             |       |       |     1 |    49 ||    50
       Whirlwind         |       |       |       |    21 ||    21
       Breathe Frost     |       |       |       |     1 ||     1
  Use: Scroll            |       |       |     7 |       ||     7
       Potion            |       |       |       |     1 ||     1
 Stab: Distracted        |       |       |       |     1 ||     1
       Sleeping          |       |       |       |     1 ||     1
  Eat: Chunk             |     8 |    10 |    21 |    34 ||    73
       Ration            |       |       |     1 |     2 ||     3
Armor: Skin              |    33 |    42 |    85 |   117 ||   277
Dodge: Dodged            |    84 |    88 |   158 |   210 ||   540
Block: Other             |       |     2 |    20 |    11 ||    33
       Reflection        |       |       |     1 |     1 ||     2
